 Dungeon Crawl Stone Soup version 0.29.1-15-g9cfb28693d (webtiles) character file.

Game seed: 2953440080130119917

6276 protoss039 the Digger (level 10, -4/79 HPs)
             Began as a Demonspawn Earth Elementalist on Mar 19, 2023.
             Was a Follower of Vehumet.
             Slain by a yak (12 damage)
             ... on level 9 of the Dungeon.
             The game lasted 00:14:42 (10140 turns).

protoss039 the Digger (DsEE)                       Turns: 10140, Time: 00:14:43

Health: -4/79      AC: 19    Str:  9    XL:     10   Next: 63%
Magic:  0/20       EV: 11    Int: 22    God:    Vehumet [*.....]
Gold:   543        SH:  0    Dex: 14    Spells: 15/23 levels left

rFire   . . .      SeeInvis +   F - +4 long sword "Jellyslayer" {flame, rN+ Int+2}
rCold   . . .      Faith    .   (no shield)
rNeg    + . .      Spirit   +   b - +2 acid dragon scales
rPois   +          Reflect  .   n - +2 helmet
rElec   .          Harm     .   E - +0 cloak {rPois}
rCorr   +          Rampage  .   (no gloves)
Will    .....                   m - +2 pair of boots
Stlth   ++........              (no amulet)
HPRegen 0.23/turn               q - +4 ring of slaying
MPRegen 0.34/turn               G - ring of see invisible

@: no status effects
A: claws 1, molten scales 1, magic shield, magic regeneration, magic link
a: Renounce Religion


You were on level 9 of the Dungeon.
You worshipped Vehumet.
Vehumet was aware of your devotion.
You visited 2 branches of the dungeon, and saw 10 of its levels.

You collected 609 gold pieces.
You spent 66 gold pieces at shops.

Inventory:

Hand Weapons
 d - a +2 dagger of electrocution
 F - the +4 long sword "Jellyslayer" (weapon) {flame, rN+ Int+2}
   (You found it on level 7 of the Dungeon)

   It burns those it strikes, dealing additional fire damage.
   Big, fiery blades are also staple armaments of hydra-hunters.
   Int:       It affects your intelligence (+2).
   rN:        It protects you from negative energy.
Armour
 b - +2 acid dragon scales (worn)
 j - a +1 robe of resistance
 m - a +2 pair of boots (worn)
 n - a +2 helmet (worn)
 E - a +0 cloak of poison resistance (worn)
Jewellery
 q - a +4 ring of slaying (left claw)
 D - a ring of fire
 G - a ring of see invisible (right claw)
Wands
 e - a wand of roots (2)
 v - a wand of paralysis (5)
Scrolls
 a - a scroll of fear {unknown}
 c - a scroll of fog {unknown}
 g - a scroll of blinking
 i - 2 scrolls of identify
 k - a scroll of immolation {unknown}
 l - 2 scrolls of vulnerability {unknown}
 o - a scroll of teleportation
 p - a scroll of torment {unknown}
 r - a scroll of amnesia {unknown}
 u - 2 scrolls of enchant weapon
 y - 5 scrolls of poison
 A - a scroll of enchant armour
Potions
 f - a potion of cancellation {unknown}
 h - 3 potions of heal wounds
 s - 2 potions of brilliance
 t - a potion of resistance {unknown}
 w - 4 potions of curing
 x - a potion of invisibility {unknown}
 z - 2 potions of degeneration {unknown}
 B - a potion of might {unknown}
 C - a potion of haste


   Skills:
 + Level 7.3 Fighting
 - Level 6.0 Armour
 - Level 1.7 Dodging
 - Level 1.7 Stealth
 + Level 7.1 Spellcasting
 + Level 7.1 Conjurations
 - Level 0.8 Transmutations
 + Level 7.4 Earth Magic


You had 15 spell levels left.
You knew the following spells:

 Your Spells              Type           Power      Damage    Failure   Level
a - Sandblast             Erth           80%        2d17      1%          1
b - Passwall              Tmut/Erth      21%        N/A       3%          2
c - Stone Arrow           Conj/Erth      78%        3d11      1%          3
d - Static Discharge      Conj/Air       23%        3-6/arc   4%          2

Your spell library contained the following spells:

 Spells                   Type           Power      Damage    Failure   Level
 Shock                    Conj/Air       92%        1d8       3%          1
 Petrify                  Tmut/Erth      26%        N/A       24%         4
 Olgreb's Toxic Radiance  Pois           7%         N/A       77%         4
 Eringya's Noxious Bog    Tmut/Pois      4%         N/A       100%        6


Dungeon Overview and Level Annotations

Branches:
Dungeon (9/15) Zot: 26495  Temple (1/1) D:7 Zot: 5730
   Lair: D:8-11         Orc: D:9-12

Altars:
Ashenzari
Cheibriados
Dithmenos
Fedhas
Gozag
Hepliaklqana
Kikubaaqudgha
Makhleb
Nemelex Xobeh
Okawaru
Qazlal
Ru
Sif Muna
Trog
Uskayaw
Vehumet
Wu Jian
Xom
Yredelemnul

Shops:
D:2 ?   D:4 *   D:7 **


Innate Abilities, Weirdness & Mutations

You have sharp fingernails.
You are partially covered in molten scales. (AC +2)
When hurt, damage is shared between your health and your magic reserves.
You regenerate magic rapidly.
When low on magic, you restore magic in place of health.


Message History

Okay, then.
The centaur shoots an arrow.
The arrow closely misses you.
You see here a troll corpse.
Casting: Sandblast (safe; 1% risk of failure)
Confirm with . or Enter, or press ? or * to list all spells.
Aiming: Sandblast (safe; 1% risk of failure)
Press: ? - help, Shift-Dir - straight line, f - centaur, p - yak
Aim: a centaur, wielding a +2 shortbow of freezing (91% to hit)
The blast of sand hits the centaur.
The centaur is lightly wounded.
The yak gores you! The yak gores you.
The centaur shoots an arrow.
The arrow hits you!
* * * LOW HITPOINT WARNING * * *
The arrow freezes you.
* * * LOW HITPOINT WARNING * * *
The yak closely misses you. x2
Casting: Sandblast (safe; 1% risk of failure)
Confirm with . or Enter, or press ? or * to list all spells.
Aiming: Sandblast (safe; 1% risk of failure)
Press: ? - help, Shift-Dir - straight line, f/p - centaur
Aim: a centaur, wielding a +2 shortbow of freezing (lightly wounded, 91% to hit)
The blast of sand hits the centaur!
The centaur is severely wounded.
The centaur shoots an arrow.
The arrow barely misses you. The yak barely misses you.
The yak gores you but does no damage.
Unknown command.
Casting: Sandblast (safe; 1% risk of failure)
Confirm with . or Enter, or press ? or * to list all spells.
Aiming: Sandblast (safe; 1% risk of failure)
Press: ? - help, Shift-Dir - straight line, f/p - centaur
Aim: a centaur, wielding a +2 shortbow of freezing (severely wounded, 91% to hit)
The blast of sand hits the centaur.
The centaur is almost dead.
The centaur shoots an arrow.
The arrow hits you but does no damage. The yak gores you but does no damage.
The yak gores you!
* * * LOW HITPOINT WARNING * * *
The centaur shoots an arrow.
The arrow misses you. The yak gores you.
* * * LOW HITPOINT WARNING * * *
The yak gores you!
You die...

............##.
............. ##
..........# .##
#........####..#####
#......).##........#
#..##.......o##.....^..#
#............c.........#
##.####.##.............#
# #..#.###.@Y......#
##<..# #.Y.......#
###.........#####
......#......
.......####.....
.......# ###.. .......#
. .......# .>..


You could see 2 yaks, a centaur and an orc wizard.

Vanquished Creatures
  Erica (D:8)
  A two-headed ogre (D:8)
  Joseph (D:7)
  Maggie (D:8)
  A troll (D:9)
  Sigmund (D:4)
  A wyvern (D:8)
  2 yaks (D:9)
  4 vampire mosquitoes (D:7)
  2 water moccasins
  3 ice beasts
  4 orc warriors
  3 black bears
  A sky beast (D:6)
  A centaur (D:5)
  An ogre (D:4)
  A phantom (D:4)
  A kobold brigand (D:8)
  4 bullfrogs
  2 scorpions
  2 necrophages
  3 killer bees
  4 howler monkeys
  3 hounds
  A jelly (D:5)
  5 orc priests
  Crazy Yiuf (D:7)
  Jessica (D:3)
  2 gnoll boudas
  6 iguanas
  5 orc wizards
  16 gnolls
  4 adders
  A white imp (D:6)
  A worm (D:3)
  2 dart slugs
  29 orcs
  8 ball pythons
  7 bats
  5 endoplasms
  3 giant cockroaches (D:1)
  6 goblins
  4 hobgoblins
  4 jackals (D:4)
  3 quokkas
  5 frilled lizards
  9 kobolds
  8 rats
184 creatures vanquished.

Notes
Turn   | Place    | Note
-------+----------+-------------------------------------------
     0 | D:1      | protoss039 the Demonspawn Earth Elementalist began the
                  | quest for the Orb.
     0 | D:1      | Reached XP level 1. HP: 13/13 MP: 3/3
   225 | D:1      | Gained mutation: You regenerate magic rapidly. [demonic
                  | ancestry]
   225 | D:1      | Reached XP level 2. HP: 20/20 MP: 3/5
   272 | D:1      | Found a faded altar of an unknown god.
   333 | D:1      | Reached skill level 1 in Fighting
   968 | D:1      | Learned a level 2 spell: Passwall
   981 | D:2      | Found a snail-covered altar of Cheibriados.
  1003 | D:2      | Gained mutation: You are partially covered in molten
                  | scales. (AC +2) [demonic ancestry]
  1003 | D:2      | Reached XP level 3. HP: 26/26 MP: 4/6
  2027 | D:2      | Found Yrobo's Magic Scroll Boutique.
  2030 | D:2      | Bought a scroll of identify for 22 gold pieces
  2030 | D:2      | Bought a scroll of identify for 22 gold pieces
  2030 | D:2      | Bought a scroll of identify for 22 gold pieces
  2156 | D:2      | Learned a level 3 spell: Stone Arrow
  2177 | D:3      | Gained mutation: When hurt, damage is shared between your
                  | health and your magic reserves. [demonic ancestry]
  2177 | D:3      | Reached XP level 4. HP: 24/33 MP: 0/8
  2361 | D:3      | Found a bloodstained altar of Trog.
  2503 | D:3      | Reached skill level 1 in Armour
  2517 | D:3      | Reached skill level 1 in Conjurations
  2779 | D:3      | Found a snail-covered altar of Cheibriados.
  2779 | D:3      | Found a basalt altar of Yredelemnul.
  2780 | D:3      | Found a blossoming altar of Fedhas.
  2785 | D:3      | Noticed Jessica
  2789 | D:3      | Killed Jessica
  2790 | D:3      | Reached XP level 5. HP: 38/38 MP: 6/9
  3299 | D:4      | Found Secap's Superlative Supplies.
  3305 | D:4      | Noticed a phantom
  3342 | D:4      | Killed a phantom
  3343 | D:4      | Reached XP level 6. HP: 31/46 MP: 3/10
  3454 | D:4      | Noticed Sigmund
  3490 | D:4      | Killed Sigmund
  3677 | D:4      | Reached XP level 7. HP: 32/52 MP: 4/12
  4170 | D:4      | Got the Anthology of Stormy Pollution
  4521 | D:4      | Learned a level 2 spell: Static Discharge
  4522 | D:5      | Entered Level 5 of the Dungeon
  4885 | D:5      | Reached XP level 8. HP: 60/60 MP: 12/14
  5373 | D:5      | Found a stormy altar of Qazlal.
  5643 | D:6      | Reached skill level 5 in Armour
  6192 | D:6      | Reached skill level 5 in Earth Magic
  6674 | D:6      | Found an iron altar of Okawaru.
  7072 | D:7      | Gained mutation: You have sharp fingernails. [demonic
                  | ancestry]
  7072 | D:7      | Reached XP level 9. HP: 64/66 MP: 5/16
  7130 | D:7      | Found Tivatol's Overcharged Wands.
  7180 | D:7      | Reached skill level 5 in Spellcasting
  7277 | D:7      | Identified the +4 long sword "Jellyslayer" {flame, rN+
                  | Int+2}
  7291 | D:7      | Found a staircase to the Ecumenical Temple.
  7314 | Temple   | Entered the Ecumenical Temple
  7482 | Temple   | Became a worshipper of Vehumet
  7496 | D:7      | Reached skill level 5 in Fighting
  7503 | D:7      | Reached skill level 5 in Conjurations
  7716 | D:7      | Found Logh's Lightly-Used Armoury.
  7759 | D:7      | Noticed Joseph
  7772 | D:7      | Killed Joseph
  7980 | D:7      | Found a runed translucent door.
  7981 | D:7      | Noticed Crazy Yiuf
  8022 | D:7      | Killed Crazy Yiuf
  8423 | D:8      | Noticed a two-headed ogre
  8437 | D:8      | HP: 2/69 [two-headed ogre/+0 giant spiked club (2)]
  8438 | D:8      | Killed a two-headed ogre
  8439 | D:8      | Gained mutation: When low on magic, you restore magic in
                  | place of health. [demonic ancestry]
  8439 | D:8      | Reached XP level 10. HP: 3/77 MP: 4/19
  8794 | D:8      | Found a shadowy altar of Dithmenos.
  8992 | D:8      | Noticed Maggie
  9001 | D:8      | Killed Maggie
  9100 | D:8      | Noticed Erica
  9109 | D:8      | Killed Erica
  9115 | D:8      | Reached * piety under Vehumet
  9115 | D:8      | Offered knowledge of Shock by Vehumet.
  9497 | D:8      | Found a hazy altar of Hepliaklqana.
  9837 | D:9      | Noticed a two-headed ogre
 10140 | D:9      | Slain by a yak

Illustrated notes

Levels and vault maps discovered:
D:1:      lightli_arrival_statue_moat, layout_basic, basic_ecumenical_altar
D:2:      layout_basic, basic_altar, serial_shops, nicolae_shop_window_shopping,
          grunt_ministairs_3, minmay_fountain_box
D:3:      layout_loops_ring, trog_butcher_becter, grunt_temple_overflow_open,
          uniq_jessica
D:4:      layout_basic, nicolae_alphabet_shops, uniq_sigmund
D:5:      layout_cave_pools, mainiacjoe_overflow_alcove_2,
          minmay_chambers_of_fives
D:6:      layout_cave_pods, kennysheep_okawaru_gauntlet
D:7:      layout_rooms, minmay_temple_entry_grid, minmay_shop_damaged,
          nicolae_shop_overcharged_wands, uniq_crazy_yiuf_cottage, uniq_joseph
D:8:      layout_basic, grunt_dithmenos_smoke,
          worldfamousw_hep_ancestral_shrine, uniq_maggie, uniq_erica
D:9:      layout_rooms
Temple:   compressed_dpeg_triangle_lava_temple

Skill      XL: |  1  2  3  4  5  6  7  8  9 10 |
---------------+-------------------------------+-----
Fighting       | 1 2 3 4 6 7 |  7.3
Earth Magic    | 3 4 5 6 7 |  7.4
Armour         | 1 2 3 4 5 6 |  6.0
Conjurations   | 1 2 3 4 6 7 |  7.1
Spellcasting   | 3 4 6 7 |  7.1
Dodging        | |  1.7
Stealth        | |  1.7
Transmutations | |  0.8

Action                   |  1- 3 |  4- 6 |  7- 9 | 10-12 || total
-------------------------+-------+-------+-------+-------++-------
Melee: Dagger            |    20 |    40 |    67 |       ||   127
       Punch             |       |     1 |     2 |     1 ||     4
       Long sword        |       |       |       |    18 ||    18
 Cast: Sandblast         |    55 |    69 |   172 |    18 ||   314
       Stone Arrow       |       |       |    38 |    27 ||    65
       Static Discharge  |       |       |     4 |     2 ||     6
Evoke: Wand              |       |       |     4 |     1 ||     5
  Use: Scroll            |       |     4 |     6 |     2 ||    12
       Potion            |       |     2 |     5 |     1 ||     8
 Stab: Sleeping          |     1 |       |       |       ||     1
       Paralysed         |       |       |     3 |     1 ||     4
Armor: Robe              |     7 |       |       |       ||     7
       Ring mail         |     3 |    55 |   149 |     2 ||   209
       Skin              |       |       |    30 |       ||    30
       Acid dragon scale |       |       |       |    37 ||    37
Dodge: Dodged            |    35 |    31 |   145 |    39 ||   250
